 Dungeon Crawl Stone Soup version 0.24.0-1-gfbc8707122 (webtiles) character file.

Game seed: 970639248690074603, levelgen mode: deterministic

11784 stripedtigrrr the Cleaver (level 11, -15/101 HPs)
             Began as a Minotaur Berserker on Oct 26, 2019.
             Was a High Priest of Trog.
             Demolished by an orc warrior
             ... wielding a +1 long sword of electrocution
              (17 damage)
             ... on level 11 of the Dungeon on Oct 27, 2019.
             The game lasted 00:51:15 (11540 turns).

stripedtigrrr the Cleaver (Minotaur Berserker)     Turns: 11540, Time: 00:51:17

Health: -15/101    AC: 18    Str: 23    XL:     11   Next: 53%
Magic:  13/13      EV: 10    Int:  4    God:    Trog [*****.]
Gold:   714        SH:  0    Dex: 17    Spells: 10/10 levels left

rFire    . . .     SeeInvis .   x - +3 flail
rCold    . . .     Gourm    .   (no shield)
rNeg     + . .     Faith    .   t - +0 plate armour
rPois    .         Spirit   .   (helmet restricted)
rElec    .         Reflect  .   (no cloak)
rCorr    .         Harm     .   w - +2 pair of gloves
MR       .....                  (no boots)
Stlth    ..........             (no amulet)
HPRegen  0.26/turn              g - ring of positive energy
MPRegen  0.13/turn              s - +5 ring of dexterity

@: no status effects
A: retaliatory headbutt, horns 2
a: Berserk, Trog's Hand, Brothers in Arms, Renounce Religion


You were on level 11 of the Dungeon.
You worshipped Trog.
Trog was extremely pleased with you.
You were not hungry.

You visited 1 branch of the dungeon, and saw 11 of its levels.

You collected 714 gold pieces.

Inventory:

Hand Weapons
 a - a +0 hand axe
 b - a +0 hunting sling
 f - a +1 broad axe
 x - a +3 flail (weapon)
 C - a +0 battleaxe
Missiles
 d - 367 stones (quivered)
 j - 133 sling bullets
 k - 7 boomerangs
 o - 2 throwing nets
Armour
 t - a +0 plate armour (worn)
 w - a +2 pair of gloves (worn)
 A - a +0 chain mail of magic resistance
 F - a +1 chain mail of cold resistance
Jewellery
 g - a ring of positive energy (left hand)
 m - an uncursed ring of see invisible
 s - a +5 ring of dexterity (right hand)
Wands
 h - a wand of disintegration (16)
 u - a wand of paralysis (9)
 E - a wand of flame (22)
Scrolls
 i - 5 scrolls of identify
 p - 2 scrolls of fog
 r - 4 scrolls of remove curse
 v - 2 scrolls of magic mapping
 y - 2 scrolls of teleportation
 H - a scroll of immolation
 M - a scroll of blinking
Potions
 e - 2 potions of agility
 l - a potion of might
 n - a potion of invisibility
 z - a potion of flight
 B - 2 potions of resistance
 D - 2 potions of haste
 G - 3 potions of curing
 I - 2 potions of berserk rage {unknown}
 J - a potion of lignification {unknown}
 K - a potion of brilliance {unknown}
Comestibles
 c - 17 rations
 L - 11 chunks of flesh


   Skills:
 + Level 10.7 Fighting
 + Level 13.7 Axes
 + Level 0.9(9.1) Maces & Flails
 + Level 11.0 Armour
 + Level 5.3 Dodging
 * Level 5.3 Evocations


You had 10 spell levels left.
You didn't know any spells.
Your spell library was empty.

Dungeon Overview and Level Annotations

Branches:
Dungeon (11/15)            Temple (0/1) D:6            Lair (0/6) D:9
    Orc (0/2) D:10

Altars:
Nemelex Xobeh
Yredelemnul

Shops:
D:8 %


Innate Abilities, Weirdness & Mutations

You reflexively headbutt those who attack you in melee.
You have a pair of horns on your head.


Message History

* * * LOW HITPOINT WARNING * * *
The four-headed hydra completely misses you.
The four-headed hydra bites you but does no damage.
You hit the four-headed hydra.
The four-headed hydra is almost dead.
The orc warrior hits you but does no damage.
The four-headed hydra bites you.
* * * LOW HITPOINT WARNING * * *
The four-headed hydra barely misses you.
The four-headed hydra bites you!
* * * LOW HITPOINT WARNING * * *
The four-headed hydra completely misses you.
You hit the four-headed hydra. You headbutt the four-headed hydra.
You kill the four-headed hydra!
Trog accepts your kill.
Your Armour skill increases to level 11!
The orc warrior hits you with a +1 long sword of electrocution!
* * * LOW HITPOINT WARNING * * *
You are electrocuted!
You die...

........#..##............
....>...'...')...........#
........#..##............#
........#..######........#
....)......######........########
......####.#...............#....#
......####.#...÷...#.......#....#
...........+).....)........+....'
....#.######....@..>.......#....#
..###...####...oo..........#)...#
#####+#.#........#.........(....#
........#........#..)..))÷).....#
........#........#......÷)).....#
........###......#...#'####......
........###......#...#.## #......
.....................#..# .......
.......#####............##......#


You could see an orc warrior and an orc.

Vanquished Creatures
  A hydra (D:11)
  Harold (D:9)
  A gargoyle (D:10)
  An efreet (D:11)
  A troll (D:11)
  A hornet (D:9)
  2 hippogriffs (D:8)
  A wraith (D:10)
  A spriggan (D:7)
  9 yaks
  Eustachio (D:5)
  4 hungry ghosts
  2 soldier ants (D:11)
  A water moccasin (D:9)
  5 orc warriors
  5 porcupines (D:9)
  6 ice beasts
  2 sky beasts
  A necrophage (D:11)
  An eye of draining (D:9)
  12 ogres
  3 phantoms
  2 centaurs (D:7)
  8 bullfrogs
  A big kobold (D:7)
  A gnoll sergeant (D:10)
  A water moccasin zombie (D:8)
  A troll zombie (D:10)
  5 scorpions
  4 killer bees (D:8)
  7 wights
  A howler monkey (D:8)
  2 electric eels (D:9)
  9 crimson imps
  4 hounds
  A quasit (D:5)
  2 jellies
  A bullfrog skeleton (D:6)
  4 iguanas
  7 orc wizards
  Jessica (D:3)
  Natasha (thrice) (D:3)
  6 worker ants
  5 ogre zombies (D:10)
  3 hound skeletons
  A howler monkey zombie (D:9)
  A worker ant zombie (D:7)
  14 adders
  12 gnolls
  A shadow imp (D:6)
  An ooze (D:1)
  An adder zombie (D:8)
  3 worms (D:2)
  4 dart slugs
  5 leopard geckos
  37 orcs
  9 giant cockroaches
  6 goblins
  6 hobgoblins
  10 jackals
  15 kobolds
  2 quokkas
  9 bats
  3 frilled lizards
  A goblin skeleton (D:10)
  A goblin zombie (D:10)
  4 hobgoblin zombies (D:10)
  3 orc skeletons (D:10)
  10 orc zombies (D:10)
  10 rats
310 creatures vanquished.

Vanquished Creatures (others)
  12 fungi (D:9)
  3 plants (D:9)
15 creatures vanquished.

Grand Total: 325 creatures vanquished

Notes
Turn   | Place    | Note
-------+----------+-------------------------------------------
     0 | D:1      | stripedtigrrr the Minotaur Berserker began the quest for
                  | the Orb.
     0 | D:1      | Reached XP level 1. HP: 19/19 MP: 0/0
   182 | D:1      | Reached XP level 2. HP: 24/27 MP: 1/1
   265 | D:1      | Reached skill level 4 in Axes
   593 | D:1      | Reached XP level 3. HP: 29/34 MP: 2/2
  1277 | D:2      | Reached ** piety under Trog
  1392 | D:2      | Reached XP level 4. HP: 41/41 MP: 3/3
  1531 | D:2      | Reached skill level 5 in Axes
  1888 | D:3      | Reached skill level 5 in Fighting
  2401 | D:3      | Found a sparkling altar of Nemelex Xobeh.
  2416 | D:3      | Noticed Natasha
  2423 | D:3      | Killed Natasha
  2423 | D:3      | Reached XP level 5. HP: 39/48 MP: 4/4
  2502 | D:3      | Noticed Jessica
  2509 | D:3      | Killed Jessica
  2537 | D:3      | Noticed Natasha
  2543 | D:3      | Killed Natasha
  2554 | D:3      | Noticed Natasha
  2559 | D:3      | Killed Natasha
  2559 | D:3      | Reached skill level 6 in Axes
  2770 | D:4      | Reached XP level 6. HP: 56/56 MP: 5/5
  3159 | D:4      | Reached skill level 7 in Axes
  3159 | D:4      | Reached XP level 7. HP: 30/63 MP: 6/6
  3795 | D:5      | Entered Level 5 of the Dungeon
  3892 | D:5      | Noticed Eustachio
  3921 | D:5      | Killed Eustachio
  3921 | D:5      | Reached skill level 8 in Axes
  3921 | D:5      | Reached skill level 5 in Armour
  3986 | D:5      | Reached XP level 8. HP: 71/71 MP: 7/7
  4464 | D:6      | Reached skill level 9 in Axes
  4675 | D:6      | Found a staircase to the Ecumenical Temple.
  4748 | D:6      | Reached *** piety under Trog
  5256 | D:6      | Reached skill level 10 in Axes
  5256 | D:6      | Reached XP level 9. HP: 48/80 MP: 8/8
  6340 | D:7      | Reached skill level 5 in Dodging
  6990 | D:8      | Found a basalt altar of Yredelemnul.
  7073 | D:8      | Reached skill level 1 in Evocations
  7077 | D:8      | Reached skill level 11 in Axes
  7154 | D:8      | Reached **** piety under Trog
  7294 | D:8      | Found Wocaufo's Food Emporium.
  7472 | D:8      | Reached XP level 10. HP: 73/90 MP: 10/10
  8840 | D:9      | Reached skill level 12 in Axes
  9007 | D:9      | Noticed Harold
  9022 | D:9      | Killed Harold
  9022 | D:9      | Reached skill level 10 in Armour
  9427 | D:9      | Found a staircase to the Lair.
  9803 | D:10     | Entered Level 10 of the Dungeon
  9838 | D:10     | Reached XP level 11. HP: 93/99 MP: 13/13
 10206 | D:10     | Reached skill level 13 in Axes
 10215 | D:10     | Reached skill level 10 in Fighting
 10261 | D:10     | Found a staircase to the Orcish Mines.
 10392 | D:10     | Reached ***** piety under Trog
 11242 | D:11     | Reached skill level 5 in Evocations
 11406 | D:11     | Received a gift from Trog
 11513 | D:11     | Noticed a four-headed hydra
 11540 | D:11     | Killed a four-headed hydra
 11540 | D:11     | HP: 2/101 [orc warrior/+1 long sword of electrocution (10)]
 11540 | D:11     | Demolished by an orc warrior

Levels and vault maps discovered:
D:1:      dpeg_arrival_signposts, layout_basic, dk_noncrumbling_3,
          minmay_tromino_v4_c
D:2:      layout_basic
D:3:      layout_basic, first_ration, minmay_misc_feat_rugged,
          nemelex_altar_shiori, uniq_natasha, uniq_jessica
D:4:      layout_loops_ring
D:5:      layout_rooms, uniq_eustachio
D:6:      layout_loops_ring, minmay_temple_entry_statues_fountains
D:7:      layout_gridville, the_bakery
D:8:      layout_basic, overflow_temple_1_default, serial_shops, shop
D:9:      layout_basic, grunt_lair_entry_orc_guard_hut, uniq_harold
D:10:     layout_loops_ring, zombieorc1_lemuel
D:11:     layout_basic

Skill      XL: |  1  2  3  4  5  6  7  8  9 10 11 |
---------------+----------------------------------+-----
Fighting       | 4 5 6 7 8 9 10 | 10.7
Axes           | 4 5 6 7 8 10 11 12 13 | 13.7
Dodging        | 3 4 5 |  5.3
Armour         | 3 5 7 9 10 11 | 11.0
Evocations     | 1 4 5 |  5.3
Maces & Flails | |  0.9

Action                   |  1- 3 |  4- 6 |  7- 9 | 10-12 || total
-------------------------+-------+-------+-------+-------++-------
Melee: Hand axe          |    61 |   128 |   375 |   130 ||   694
       Headbutt          |    12 |    29 |    98 |   113 ||   252
       Broad axe         |       |       |       |   283 ||   283
       Flail             |       |       |       |     6 ||     6
Throw: Stone             |       |       |     2 |       ||     2
Invok: Trog's Hand       |       |     4 |     7 |     5 ||    16
       Berserk           |       |       |     2 |       ||     2
Evoke: Wand              |       |       |       |     9 ||     9
  Use: Scroll            |       |    10 |     6 |     8 ||    24
       Potion            |       |       |     1 |     2 ||     3
 Stab: Sleeping          |       |     1 |       |       ||     1
  Eat: Chunk             |     1 |     7 |    13 |    13 ||    34
       Ration            |       |       |     2 |     2 ||     4
Armor: Animal skin       |    13 |     4 |       |       ||    17
       Leather armour    |       |     7 |       |       ||     7
       Ring mail         |       |    13 |       |       ||    13
       Chain mail        |       |    14 |    57 |       ||    71
       Plate armour      |       |       |   118 |   203 ||   321
Dodge: Dodged            |    47 |    77 |   165 |   157 ||   446
